 Dungeon Crawl Stone Soup version 0.31.0-4-g52a2dc7128 (console) character file.

Game seed: 11857951666752836781

107 jejorda2 the Ruffian (level 4, 0/38 HPs)
             Began as a Draconian Berserker on Jan 22, 2024.
             Was a Believer of Trog.
             Slain by an orc wizard
             ... wielding a +0 dagger
              (1 damage)
             ... on level 3 of the Dungeon.
             The game lasted 00:03:19 (1601 turns).

jejorda2 the Ruffian (Draconian Berserker)          Turns: 1601, Time: 00:03:20

Health: 0/38       AC:  6    Str: 21    XL:     4   Next: 56%
Magic:  0/4        EV: 12    Int:  7    God:    Trog [**....]
Gold:   109        SH:  0    Dex: 13    Spells: 3/3 levels left

rFire   . .          .
                       - Unarmed
rCold   . . .        (no shield)
rNeg    . . .        (body armour unavailable)
rPois   .            (helmet restricted)
rElec   .            l - +0 cloak
rCorr   .            (no gloves)
SInv    .            (no boots)
Will    .....        h - amulet "Hoseduor" {Spirit Dex+2}
Stlth   +            (no ring)
HPRegen 0.26/turn    (no ring)
MPRegen 0.09/turn

%: guardian spirit
@: no status effects
A: AC +5, unfitting armour, cold-blooded
a: Renounce Religion, Berserk, Trog's Hand


You were on level 3 of the Dungeon.
You worshipped Trog.
Trog was pleased with you.
You visited 1 branch of the dungeon, and saw 3 of its levels.

You collected 109 gold pieces.

Inventory:

Hand Weapons
 m - a +3 quarterstaff of chaos
Missiles
 i - 2 boomerangs (quivered)
Armour
 l - a +0 cloak (worn)
Jewellery
 h - the amulet "Hoseduor" (around neck) {Spirit Dex+2}
   (You found it on level 2 of the Dungeon)

   [amulet of guardian spirit]

   Spirit:    It causes incoming damage to be divided between your reserves of
   health and magic.
   Dex+2:     It affects your dexterity (+2).
Scrolls
 a - a scroll of enchant weapon {unknown}
 b - a scroll of immolation {unknown}
 c - a scroll of torment {unknown}
 k - a scroll of identify {unknown}
Potions
 d - a potion of invisibility {unknown}
 e - a potion of cancellation {unknown}
 f - a potion of ambrosia {unknown}
 g - a potion of brilliance {unknown}
 j - a potion of degeneration {unknown}


   Skills:
 - Level 3.2 Fighting
 - Level 2.6 Dodging
 + Level 3.9 Unarmed Combat
 * Level 3.1 Shapeshifting


You had 3 spell levels left.
You didn't know any spells.
Your spell library was empty.

Dungeon Overview and Level Annotations

Branches:
Dungeon (3/15)

Altars:

Shops:
D:1 [


Innate Abilities, Weirdness & Mutations

Your plain brown scales are hard. (AC +5)
You cannot fit into any form of body armour.
You are cold-blooded and may be slowed by cold attacks.


Message History

The orc priest looks satisfied for a moment.
The bat hits you but does no damage. x2
The bat closely misses you.
The orc wizard mumbles some strange words.
The orc wizard flickers and vanishes!
You completely miss the bat.
Your tail-slap misses the bat.
The bat closely misses you. The bat barely misses you.
The bat attacks as it pursues you! The bat hits you.
The bat hits you but does no damage.
You hit the bat.
You tail-slap the bat, but do no damage.
The bat is severely wounded.
The bat hits you but does no damage. x2
You hit the bat.
You kill the bat!
Trog accepts your kill.
You barely miss something.
You hear some strange, mumbled words.
You are confused.
You hit something.
You hear some strange, mumbled words.
A magic dart appears from out of thin air!
The magic dart hits you.
You hit something. Something hits you but does no damage.
You bump into the rock wall.
Something hits you.
The orc priest calls down the wrath of Beogh upon you.
Beogh smites you!
You bump into the rock wall.
Something hits you but does no damage.
You miss something.
Your tail-slap misses something.
Something hits you but does no damage.
You barely miss something.
You feel less confused. Something hits you.
You hit something. Something hits you.
* * * LOW HITPOINT WARNING * * *
The orc priest invokes the aid of Beogh against you.
Beogh smites you!
* * * LOW HITPOINT WARNING * * *
You miss something. Something hits you.
You die...

........†##.#.#
#########...#.###
#.....g......#
..............#
#.............#
..........goo.#
.#.......###o###
......#### #{###
........# #@#.#
........####.#.#
........#.#....######
#.......#............
.....................
###........##........
#..................
##......#.#########
#.......#.###


You could see an orc priest, 2 orcs and a goblin.

Vanquished Creatures
  Crazy Yiuf (D:2)
  3 adders
  A dart slug (D:1)
  6 endoplasms
  2 giant cockroaches
  2 goblins (D:2)
  6 hobgoblins
  2 quokkas
  8 ball pythons
  4 bats
  3 frilled lizards
  6 kobolds
  6 rats
50 creatures vanquished.

Notes
Turn   | Place    | Note
-------+----------+-------------------------------------------
     0 | D:1      | jejorda2 the Draconian Berserker began the quest for the
                  | Orb.
     0 | D:1      | Reached XP level 1. HP: 19/19 MP: 1/1
    77 | D:1      | Reached skill level 1 in Shapeshifting
   138 | D:1      | Reached XP level 2. HP: 21/26 MP: 2/2
   248 | D:1      | Found Qudumim's Antique Armour Shoppe.
   592 | D:2      | Reached XP level 3. HP: 29/31 MP: 3/3
   739 | D:2      | Reached ** piety under Trog
   810 | D:2      | Found a runed translucent door.
   811 | D:2      | Noticed Crazy Yiuf
   894 | D:2      | Identified the amulet "Hoseduor" {Spirit Dex+2}
  1440 | D:2      | Killed Crazy Yiuf
  1441 | D:2      | Reached XP level 4. HP: 38/38 MP: 4/4
  1600 | D:3      | HP: 1/38 [orc priest/divine providence (10)]
  1601 | D:3      | Slain by an orc wizard

Illustrated notes

Levels and vault maps discovered:
D:1:      roadster_arrival_rocket_small, layout_rooms, serial_shops, shop,
          nicolae_houndstooth_variations
D:2:      layout_loops_ring, uniq_crazy_yiuf_cottage
D:3:      layout_basic, uniq_robin, uniq_natasha

Skill      XL: |  1  2  3  4 |
---------------+-------------+-----
Shapeshifting  | 1 2 3 |  3.1
Fighting       | |  3.2
Dodging        | |  2.6
Unarmed Combat | |  3.9

Action                     |  1- 3 |  4- 6 || total
---------------------------+-------+-------++-------
  Melee: Unarmed           |   123 |    26 ||   149
         Tailslap          |     7 |     2 ||     9
         Punch             |     4 |       ||     4
 Invoke: Berserk           |     1 |       ||     1
   Stab: Sleeping          |     1 |       ||     1
 Armour: Skin              |    59 |    23 ||    82
  Dodge: Dodged            |    64 |    25 ||    89
